 Dungeon Crawl Stone Soup version 0.21-a0-264-g3e31e41 (console) character file.

170 removed the Gusty (level 5, -1/38 HPs)
             Began as a Demigod Air Elementalist on Sept 9, 2017.
             Slain by a bullfrog (7 damage)
             ... on level 4 of the Dungeon.
             The game lasted 00:10:06 (3597 turns).

removed the Gusty (Demigod Air Elementalist)        Turns: 3597, Time: 00:10:07

Health: -1/38      AC:  3    Str: 10 (11) XL:     5   Next: 5%
Magic:  0/10       EV: 12    Int: 18 (21) God:
Gold:   82         SH:  0    Dex: 15 (16) Spells: 1/7 levels left

rFire    + . .     SeeInvis .   a - +0 hand axe (elec)
rCold    + . .     Gourm    .   (no shield)
rNeg     . . .     Faith    .   p - +0 robe
rPois    +         Spirit   .   (no helmet)
rElec    .         Reflect  .   A - scarf {rC+ rF+}
rCorr    .         Harm     .   (no gloves)
MR       .....                  m - +0 pair of boots
Stlth    +++.......             B - amulet of regeneration
HPRegen  0.52/turn              g - ring of poison resistance
MPRegen  0.12/turn              t - ring of stealth

@: no status effects
A: high mp 1
a: no special abilities


You were on level 4 of the Dungeon.
You were hungry.

You visited 1 branch of the dungeon, and saw 4 of its levels.

You collected 82 gold pieces.

Inventory:

Hand Weapons
 a - a +0 hand axe of electrocution (weapon)
 i - a +0 dagger
 l - a +0 whip
 x - a +0 trident
Missiles
 d - 37 stones (quivered)
Armour
 k - a +0 cloak
 m - a +0 pair of boots (worn)
 p - a +0 robe (worn)
 A - a scarf of resistance (worn)
Jewellery
 g - a ring of poison resistance (left hand)
 s - a +2 ring of dexterity
 t - a ring of stealth (right hand)
 B - an amulet of regeneration (around neck)
Scrolls
 e - 2 scrolls of blinking {unknown}
 h - 2 scrolls of identify {unknown}
 o - a scroll of magic mapping {unknown}
 y - a scroll of fog {unknown}
Potions
 n - a potion of degeneration
 q - a potion of haste {unknown}
 r - a potion of mutation {unknown}
 u - a potion of berserk rage {unknown}
 v - a potion of magic {unknown}
Books
 b - a book of Air

   Spells                             Type                      Level
   a - Shock                          Conjuration/Air              1
   b - Swiftness                      Charms/Air                   2
   c - Static Discharge               Conjuration/Air              3
   d - Airstrike                      Air                          4
   e - Lightning Bolt                 Conjuration/Air              5
Comestibles
 c - 2 bread rations
 z - 2 fruits
 C - a chunk of flesh


   Skills:
 - Level 1.7 Dodging
 - Level 1.7 Stealth
 - Level 1.7 Spellcasting
 + Level 3.8 Conjurations
 + Level 3.8 Air Magic


You had one spell level left.
You knew the following spells:

 Your Spells              Type           Power        Failure   Level  Hunger
a - Shock                 Conj/Air       ###.         3%          1    #......
b - Static Discharge      Conj/Air       ###.....     12%         3    ###....
s - Swiftness             Chrm/Air       #.......     13%         2    ###....


Dungeon Overview and Level Annotations

Branches:
Dungeon (4/15)
 Temple: D:4-7

Annotations:
D:3 exclusion: orc wizard


Innate Abilities, Weirdness & Mutations

You have an increased reservoir of magic. (+10% MP)


Message History

The bullfrog hits you. The bullfrog barely misses you.
You barely miss the bullfrog.
The bullfrog is almost dead.
The bullfrog barely misses you. The bullfrog hits you.
You hit the bullfrog.
The bullfrog is almost dead.
The bullfrog barely misses you. x2
You barely miss the bullfrog.
The bullfrog is almost dead.
The bullfrog hits you! x2
* * * LOW HITPOINT WARNING * * *
Okay, then.
Okay, then.
You aren't carrying any items that you can evoke without wielding.
Unknown command.
It was a potion of degeneration.
There was something very wrong with that liquid.
You feel weakened.
You feel dopey.
You feel clumsy. The bullfrog barely misses you. The bullfrog hits you!
You die...

#.####.####
#.........#
#.........#
##........#
#.........#
#.........#
#<.#.#'####
#.##.#.#
#....#@#
.#.######F###
............#
...#.......#
#.......#
#.......#
.........#
.........##
......#....#


You could see a bullfrog.

Vanquished Creatures
  3 gnolls (D:3)
  4 adders
  3 oozes (D:1)
  A worm (D:2)
  3 dart slugs
  A leopard gecko (D:3)
  3 orcs (D:3)
  4 bats
  16 giant cockroaches
  7 goblins
  8 hobgoblins
  6 jackals
  A quokka (D:2)
  7 frilled lizards
  3 kobolds
  9 rats
  A bush (D:3)
  2 plants (D:3)
82 creatures vanquished.

Notes
Turn   | Place    | Note
-------+----------+-------------------------------------------
     0 | D:1      | removed the Demigod Air Elementalist began the quest for the Orb.
     0 | D:1      | Reached XP level 1. HP: 14/14 MP: 5/5
     8 | D:1      | Reached skill level 1 in Conjurations
   262 | D:1      | Reached XP level 2. HP: 20/20 MP: 5/7
  1003 | D:1      | Reached XP level 3. HP: 26/26 MP: 4/8
  1382 | D:1      | Learned a level 3 spell: Static Discharge
  1872 | D:2      | Found a blossoming altar of Fedhas.
  2275 | D:3      | Reached XP level 4. HP: 33/33 MP: 7/9
  2284 | D:3      | Learned a level 2 spell: Swiftness
  3535 | D:4      | Reached XP level 5. HP: 38/38 MP: 4/10
  3597 | D:4      | Slain by a bullfrog

Vault maps used:
D:1:      erik_arrival_gehennom, minmay_misc_feat_pillars
D:2:      fedhas_altar_4
D:3:      minmay_roachtagon, serial_forest, infiniplex_forest_lined_room_,
          infiniplex_forest_clump_medium, infiniplex_forest_straight_2,
          infiniplex_forest_clump_small, infiniplex_forest_end_3,
          infiniplex_forest_clump_medium, infiniplex_forest_clump_C
D:4:      nicolae_overflow_hidden_temple, first_bread

Skill      XL: |  1  2  3 |
---------------+----------+-----
Conjurations   | 2 3 |  3.8
Air Magic      | 3 |  3.8
Dodging        | |  1.7
Stealth        | |  1.7
Spellcasting   | |  1.7

Action                   |  1- 3 |  4- 6 || total
-------------------------+-------+-------++-------
Melee: Hand axe          |     4 |    32 ||    36
 Cast: Shock             |   104 |    65 ||   169
       Static Discharge  |       |     2 ||     2
  Use: Potion            |       |     1 ||     1
  Eat: Chunk             |     6 |     4 ||    10
Armor: Robe              |     2 |     7 ||     9
Dodge: Dodged            |    25 |    17 ||    42

Table legend:
 A = Spawn XP
 B = Non-spawn XP
 C = Spawn XP percentage of total XP
 D = Spawn monster count
 E = Non-spawn monster count
 F = Spawn count percentage of total count
 G = Total turns spent on level
                    A         B        C        D         E        F      G
               +---------+---------+-------+---------+---------+-------+---------
         Total |       0 |     244 |   0.0 |       0 |      79 |   0.0 |  3597
               +---------+---------+-------+---------+---------+-------+---------
           D:1 |       0 |      63 |   0.0 |       0 |      28 |   0.0 |  1407
           D:2 |       0 |      42 |   0.0 |       0 |      16 |   0.0 |   807
           D:3 |       0 |     112 |   0.0 |       0 |      33 |   0.0 |  1248
           D:4 |       0 |      27 |   0.0 |       0 |       2 |   0.0 |   135
               +---------+---------+-------+---------+---------+-------+---------
